 Dungeon Sprint DCSS version 0.28-a0-909-g796cbd3a86 (webtiles) character file.

Game seed: 9068869782349422915

2723 Turgor the Imperceptible (level 9, -5/39 HPs)
             Began as a Spriggan Enchanter on Nov 24, 2021.
             Was a Believer of Dithmenos.
             Slain by a demonic crawler (11 damage)
             ... in the Dungeon (Sprint I: "Red Sonja").
             The game lasted 00:08:50 (884 turns).

Turgor the Imperceptible (Spriggan Enchanter)        Turns: 884, Time: 00:08:50

Health: -5/39      AC:  2    Str:  4    XL:     9   Next: 40%
Magic:  15/24      EV: 17    Int: 17    God:    Dithmenos [**....]
Gold:   854        SH:  0    Dex: 18    Spells: 21/29 levels left

rFire   . . .      SeeInvis +   h - +1 short sword (venom)
rCold   . . .      Faith    .   (shield restricted)
rNeg    . . .      Spirit   .   b - +0 robe
rPois   .          Reflect  .   (helmet restricted)
rElec   .          Harm     .   (no cloak)
rCorr   .          Rampage  .   (gloves unavailable)
Will    +....      NoTele   +   (boots unavailable) Stlth *+++++++++
                                (no amulet)
HPRegen 0.13/turn               (no ring)
MPRegen 0.19/turn               (no ring)

@: confusing by touch, wreathed by umbra, very quick
A: very small, no large weapons, unfitting armour, see invisible, speed 3
a: Renounce Religion, Shadow Step


You were in the Dungeon.
You worshipped Dithmenos.
Dithmenos was pleased with you.
You visited 1 branch You collected 854 gold pieces.

Inventory:

Hand Weapons
 a - a +1 dagger
 h - a +1 short sword of venom (weapon)
 k - a +1 vampiric spear
Missiles
 j - 4 curare-tipped darts (quivered)
Armour
 b - a +0 robe (worn)
Scrolls
 i - a scroll of blinking
Potions
 c - a potion of invisibility
 d - 4 potions of curing
 e - 2 potions of heal wounds
 f - a potion of haste
 g - 2 potions of magic


   Skills:
 + Level 9.5 Short Blades
 - Level 2.6 Dodging
 + Level 22.2 Stealth
 + Level 10.6 Spellcasting
 + Level 13.2 Hexes


You had 21 spell levels left.
You knew the following spells:

 Your Spells              Type           Power      Damage    Failure   Level
a - Ensorcelled Hibernat  Hex/Ice        62%        N/A       1%          2
b - Confusing Touch       Hex            53%        N/A       1%          3
c - Dazzling Flash        Conj/Hex       62%        N/A       1%          3

Your spell library contained the following spells:

 Spells                   Type           Power      Damage    Failure   Level
 Tukima's Dance           Hex            53%        N/A       1%          3


Dungeon Overview and Level Annotations

Branches:
Dungeon (1/1)

Altars:
Cheibriados
Dithmenos
Elyvilon
Fedhas
Gozag
Hepliaklqana
Kikubaaqudgha
Makhleb
Nemelex Xobeh
Okawaru
Qazlal
Ru
Sif Muna
Trog
Uskayaw
Vehumet
Wu Jian
Xom
Yredelemnul
Zin
The Shining One
Jiyva
Lugonu

Shops:
D !*[


Innate Abilities, Weirdness & Mutations

You are very small and have problems with some larger weapons.
You are too small for most types of armour.
You have supernaturally acute eyesight. (SInv)
You cover ground extremely quickly. (Speed+++)


Message History

You open the door.
There is an open door here.
There is an open door here.
There is an open door here.
Throw: 5 darts (curare)
Press: ? - help, Q - select action, (/) - cycle Shift-Dir - straight line, f - demonic crawler
Aim: a demonic crawler (wandering, hasn't noticed you, 75% to hit)
You throw a curare-tipped dart.
The curare-tipped dart hits the demonic crawler.
The demonic crawler gives a hideous shriek!
There is a burning altar of Makhleb here.
There is an open door here.
There is an open door here.
Things that are here:
a +0 scythe; a +0 robe
There is an open door here.
Casting: Dazzling Flash (safe; 1% risk of failure)
Confirm with . or Enter, or press ? or * to list all spells.
Okay, then.
Unknown command.
Unknown command.
Casting: Dazzling Flash (safe; 1% risk of failure)
Confirm with . or Enter, or press ? or * to list all spells.
Casting: Dazzling Flash (safe; 1% risk of failure)
Press: ? - help, Dir - look around, f - activate
Casting: Dazzling Flash (safe; 1% risk of failure)
Confirm with . or Enter, or press ? or * to list all spells.
Casting: Dazzling Flash (safe; 1% risk of failure)
Press: ? - help, Dir - look around, f - activate The demonic crawler is dazzled.
Casting: Dazzling Flash (safe; 1% risk of failure)
Confirm with . or Enter, or press ? or * to list all spells.
Your hands begin to glow red.
The demonic crawler hits you! The demonic crawler closely misses you.
The demonic crawler hits you! The demonic crawler barely misses you.
The demonic crawler hits you! The demonic crawler hits you.
* * * LOW HITPOINT WARNING * * *
You hit the demonic crawler but do no damage.
The demonic crawler closely misses you. x2; The demonic crawler hits you!
You die...

##########################
#<.#.)'..#.)'..#__#..(.s.#
#..'..#.)@s.#..'..').#...#
#..#####'#####'#__####...'
#..####..#...#.#### #####
#..#__####..##.#
#..#_____##'#_.+
#⌠⌠#_.∩...'..._#
####_..__##_.#'#
#_____###'#(# ###
############.####+###(##


You could see a demonic crawler (wandering, blind).

Vanquished Creatures
  Sonja (D)
  A deep troll (D)
  2 kobold demonologists (D)
  2 demonic crawlers (D)
  A slime creature (D)
  Sigmund (D)
  A yak (D)
  A floating eye (D)
  An ogre (D)
  A jelly (D)
  Ijyb (D)
  A ballistomycete spore (D)
14 creatures vanquished.

Vanquished Creatures (others)
  A ballistomycete spore (D)
1 creature vanquished.

Grand Total: 15 creatures vanquished

Notes
Turn   | Place    | Note
-------+----------+-------------------------------------------
     0 | D        | Turgor the Spriggan Enchanter began the quest for the Orb.
     0 | D        | Reached XP level 1. HP: 9/9 MP: 5/5
     1 | D        | Noticed Ijyb
    10 | D        | Killed Ijyb
    11 | D        | Reached skill level 10 in Stealth
    11 | D        | Reached XP level 2. HP: 6/13 MP: 6/6
   210 | D        | Noticed an ogre
   213 | D        | Killed an ogre
   214 | D        | Reached skill level 14 in Stealth
   214 | D        | Reached XP level 3. HP: 16/16 MP: 8/8
   214 | D        | Reached XP level 4. HP: 21/21 MP: 9/9
   222 | D        | Noticed Sigmund
   225 | D        | Killed Sigmund
   226 | D        | Reached skill level 18 in Stealth
   226 | D        | Reached XP level 5. HP: 24/24 MP: 10/10
   237 | D        | Found an ornate altar of the Wu Jian Council.
   237 | D        | Found a shimmering blue altar of Sif Muna.
   239 | D        | Found a radiant altar of Vehumet.
   244 | D        | Reached XP level 6. HP: 28/28 MP: 11/11
   268 | D        | Found Rinlam's General Store.
   268 | D        | Found an ancient bone altar of Kikubaaqudgha.
   268 | D        | Found a hazy altar of Hepliaklqana.
   268 | D        | Found a hide-covered altar of Uskayaw.
   268 | D        | Found a basalt altar of Yredelemnul.
   268 | D        | Found an opulent altar of Gozag.
   268 | D        | Found a snail-covered altar of Cheibriados.
   268 | D        | Found a sacrificial altar of Ru.
   268 | D        | Found a shadowy altar of Dithmenos.
   268 | D        | Noticed a yak
   269 | D        | Found a stormy altar of Qazlal.
   269 | D        | Found a blossoming altar of Fedhas.
   269 | D        | Found a bloodstained altar of Trog.
   269 | D        | Found an iron altar of Okawaru.
   269 | D        | Found a glowing golden altar of the Shining One.
   269 | D        | Found a glowing silver altar of Zin.
   269 | D        | Found a white marble altar of Elyvilon.
   270 | D        | Killed a yak
   271 | D        | Reached skill level 19 in Stealth
   271 | D        | Found a sparkling altar of Nemelex Xobeh.
   277 | D        | Became a worshipper of Dithmenos the Shadowed
   286 | D        | Noticed Sonja
   295 | D        | Learned a level 2 spell: Ensorcelled Hibernation
   299 | D        | Learned a level 3 spell: Confusing Touch
   303 | D        | Learned a level 3 spell: Dazzling Flash
   311 | D        | Killed Sonja
   312 | D        | Reached skill level 20 in Stealth
   312 | D        | Reached skill level 10 in Hexes
   312 | D        | Reached XP level 7. HP: 32/32 MP: 14/18
   326 | D        | Noticed a deep troll
   330 | D        | Killed a deep troll
   331 | D        | Reached XP level 8. HP: 36/36 MP: 17/21
   340 | D        | Found Logupt's Armour Emporium.
   395 | D        | Found Fekef's Distillery.
   438 | D        | Found a burning altar of Makhleb.
   438 | D        | Found a viscous altar of Jiyva.
   438 | D        | Found a shimmering altar of Xom.
   438 | D        | Found a corrupted altar of Lugonu.
   438 | D        | Noticed a slime creature
   463 | D        | Killed a slime creature
   463 | D        | Reached * piety under Dithmenos
   464 | D        | Reached skill level 21 in Stealth
   487 | D        | Noticed a kobold demonologist
   488 | D        | Noticed a kobold demonologist
   496 | D        | Killed a kobold demonologist
   500 | D        | Killed a kobold demonologist
   501 | D        | Reached XP level 9. HP: 33/39 MP: 5/23
   505 | D        | Reached ** piety under Dithmenos
   604 | D        | Noticed a demonic crawler
   604 | D        | Noticed a demonic crawler
   604 | D        | Noticed a demonic crawler
   604 | D        | Noticed a demonic crawler
   606 | D        | Killed a demonic crawler
   607 | D        | Reached skill level 10 in Spellcasting
   613 | D        | Killed a demonic crawler
   614 | D        | Reached skill level 22 in Stealth
   884 | D        | Slain by a demonic crawler

Illustrated notes

Levels and vault maps discovered:
D:        dungeon_sprint_1 [red_sonja_temple_1, red_sonja_temple_small_1]

Skill      XL: |  1  2  3  4  5  6  7  8  9 |
---------------+----------------------------+-----
Stealth        | 10 14 18 20 21 22 | 22.2
Spellcasting   | 3 7 8 9 10 | 10.6
Hexes          | 4 10 11 12 13 | 13.2
Short Blades   | 6 7 8 9 |  9.5
Dodging        | |  2.6

Action                   |  1- 3 |  4- 6 |  7- 9 || total
-------------------------+-------+-------+-------++-------
Melee: Dagger            |     7 |     4 |       ||    11
       Short sword       |       |       |    21 ||    21
Throw: Dart              |       |       |     1 ||     1
 Cast: Ensorcelled Hiber |       |       |     5 ||     5
       Dazzling Flash    |       |       |     7 ||     7
       Confusing Touch   |       |       |     1 ||     1
  Use: Potion            |     1 |       |       ||     1
 Stab: Sleeping          |     1 |     4 |     5 ||    10
       Invisible         |       |       |     3 ||     3
Armor: Robe              |       |       |     1 ||     1
Dodge: Dodged            |     3 |       |    26 ||    29

Table legend: (Time is in decaauts)
 A = Elapsed time spent in this place.
 B = Non-inter-level travel time spent in this place.
 C = Inter-level travel time spent in this place.
 D = Time resting spent in this place.
 E = Time spent auto-exploring this place.
 F = Levels seen in this place.
 G = Mean time per level.
                   A        B        C        D        E       F      G
               +--------+--------+--------+--------+--------+-----+--------+
         Total |    805 |    805 |      0 |    554 |      0 |   1 |  805.0 |
       Dungeon |    805 |    805 |      0 |    554 |      0 |   1 |  805.0 |
               +--------+--------+--------+--------+--------+-----+--------+

Top non-repeatable levels by time:
       D: 805 daAuts
